 Dungeon Crawl Stone Soup version 0.29-a0-371-g91724d5b39 (webtiles) character file.

Game seed: 12979346315383613759

77 Bruhh the Magician (level 4, 0/31 HPs)
             Began as a Djinni Earth Elementalist on May 3, 2022.
             Slain by an orc wizard
             ... wielding a +0 dagger
              (4 damage)
             ... on level 3 of the Dungeon.
             The game lasted 00:04:36 (4593 turns).

Bruhh the Magician (Djinni Earth Elementalist)      Turns: 4593, Time: 00:04:37

Health: 0/31       AC:  2    Str:  7    XL:     4   Next: 58%
Gold:   140        EV: 16    Int: 18    God:
                   SH:  0    Dex: 14

rFire   + + .      SeeInvis .   o - +0 dagger (venom)
rCold   x . .      Faith    .   (no shield)
rNeg    . . .      Spirit   .   b - +0 robe
rPois   ∞          Reflect  .   (no helmet)
rElec   .          Harm     .   (no cloak)
rCorr   .          Rampage  .   (no gloves)
Will    .....                   (boots unavailable)
Stlth   ++........              (no amulet)
HPRegen 0.10/turn               m - +4 ring of evasion
MPRegen 0.00/turn               (no ring)

@: flying, very slightly contaminated
A: sickness immunity, fire resistance 2, cold vulnerability 1, float, innate
caster, HP casting, extra vitality 1
a: no special abilities


You were on level 3 of the Dungeon.
You visited 1 branch of the dungeon, and saw 4 of its levels.

You collected 140 gold pieces.

Inventory:

Hand Weapons
 o - a +0 dagger of venom (weapon)
Missiles
 a - 141 stones
Armour
 b - a +0 robe (worn)
Jewellery
 m - a +4 ring of evasion (left hand)
Scrolls
 c - 2 scrolls of summoning {unknown}
 d - a scroll of blinking {unknown}
 e - 9 scrolls of identify {unknown}
 f - 2 scrolls of fear {unknown}
 g - a scroll of enchant armour {unknown}
 h - a scroll of amnesia {unknown}
 i - a scroll of fog {unknown}
 j - a scroll of vulnerability {unknown}
 k - a scroll of brand weapon {unknown}
 n - 2 scrolls of silence {unknown}
 p - a scroll of enchant weapon {unknown}
Potions
 l - a potion of curing {unknown}


   Skills:
 + Level 0.1 Fighting
 - Level 2.1 Dodging
 - Level 1.5 Stealth
 + Level 3.9 Spellcasting


You couldn't memorise any spells.
You knew the following spells:

 Your Spells              Type           Power      Damage    Failure   Level
a - Sandblast             Erth           34%        2d9       3%          1
b - Passwall              Tmut/Erth      14%        N/A       4%          2
c - Stone Arrow           Conj/Erth      34%        3d9       9%          3
d - Petrify               Tmut/Erth      17%        N/A       28%         4
e - Animate Skeleton      Necr           34%        N/A       3%          1
Your spell library was empty.

Dungeon Overview and Level Annotations

Branches:
Dungeon (4/15)
 Temple: D:4-7

Altars:

Shops:
D:3 *!:

Annotations:
D:2 Terence


Innate Abilities, Weirdness & Mutations

You are immune to sickness and miasma.
You are immune to poison.
Your flesh is very heat resistant. (rF++)
You are vulnerable to cold. (rC-)
You float through the air rather than walking.
You learn spells naturally, not from books.
Your magical power is your life essence.
You have superior vitality. (+4 MHP)


Message History

You are very lightly contaminated with residual magic.
Nothing appears to happen.
The endoplasm quivers.
The orc misses you. The orc completely misses you. The orc wizard misses you.
Casting: Sandblast (safe; 3% risk of failure)
Confirm with . or Enter, or press ? or * to list all spells.
Aiming: Sandblast (safe; 3% risk of failure)
Press: ? - help, Shift-Dir - straight line, f/p - orc wizard
Aim: an orc wizard, wielding a +0 dagger and wearing a +0 robe (moderately wounded, 74% to hit)
The blast of sand hits the orc wizard.
The orc wizard is severely wounded.
The orc barely misses you. The orc hits you with a +0 dagger.
The orc hits you with a +0 vampiric short sword.
The orc wizard casts a spell.
The orc wizard flickers and vanishes!
Deactivating autopickup; reactivate with Ctrl-A.
Casting: Sandblast (safe; 3% risk of failure)
Confirm with . or Enter, or press ? or * to list all spells.
Aiming: Sandblast (safe; 3% risk of failure)
Press: ? - help, Shift-Dir - straight line, f - orc
Aim: an orc, wielding a +0 vampiric short sword (79% to hit)
Okay, then.
The orc hits you but does no damage. Something hits you.
The orc hits you with a +0 flail!
* * * LOW HITPOINT WARNING * * *
The orc completely misses you.
You fly upwards.
Reactivating autopickup.
There is a stone staircase leading down here.
Deactivating autopickup; reactivate with Ctrl-A.
You barely miss something.
The orc hits you with a +0 vampiric short sword.
* * * LOW HITPOINT WARNING * * *
Something hits you but does no damage. The orc misses you.
The orc hits you but does no damage.
You miss something.
The orc hits you with a +0 vampiric short sword.
* * * LOW HITPOINT WARNING * * *
Something hits you.
You die...

.# ###....# ##.# #.......# .#
#......#####..# ###>....#'# .#
#.####.......## #.......+∩' .#
#.# ######### #.####.##'# .# #.#
#.......####.# #.##.# ## #.#
#.#####....#.####.##.. ## ##.#
#.##.##.#.......#..... .#####..#
#.##o##.#..#.##.#.##.#
...#...#####....@o...............
##.#.####.....#.o.....#......####
#...# #..###.#.#.##..####.#.####
########.####.#............#.....
.#####...# #.......##.##.##...###
.#####.### ##.#.#........##...#
.#####...# ##.#.#.##.#...##...#
########.###..#.......#.###...###
#...# #..##.##...###.#.###......


You could see 3 orcs.

Vanquished Creatures
  An adder (D:2)
  3 gnolls (D:3)
  2 orcs (D:3)
  5 bats
  2 endoplasms
  2 giant cockroaches
  3 goblins
  4 hobgoblins
  4 kobolds
  A quokka (D:3)
  2 ball pythons (D:1)
  3 frilled lizards
  3 rats
35 creatures vanquished.

Notes
Turn   | Place    | Note
-------+----------+-------------------------------------------
     0 | D:1      | Bruhh the Djinni Earth Elementalist began the quest for the
                  | Orb.
     0 | D:1      | Reached XP level 1. HP: 15/15 MP: 0/0
   195 | D:1      | Reached XP level 2. HP: 19/21 MP: 0/0
   512 | D:1      | Reached skill level 3 in Spellcasting
  1071 | D:2      | Reached XP level 3. HP: 17/25 MP: 0/0
  1071 | D:2      | Learned a level 1 spell: Animate Skeleton
  1606 | D:2      | Found a faded altar of an unknown god.
  1638 | D:2      | Noticed Terence
  2858 | D:3      | Reached XP level 4. HP: 8/31 MP: 0/0
  3480 | D:3      | Found Camexiti's General Store.
  3797 | D:3      | Found Cyusiung's Distillery.
  3996 | D:3      | Found Zunen's Book Emporium.
  4593 | D:3      | Slain by an orc wizard

Illustrated notes

Levels and vault maps discovered:
D:1:      dpeg_arrival_central, layout_loops_ring, serial_glass,
          glass_columns_b, glass_columns_a
D:2:      layout_rooms, chequers_ecumenical_altar_grove, uniq_terence
D:3:      layout_loops_cross, serial_co_window_serial, co_window_corner_a,
          co_window_paths_a, co_window_paths_a, co_window_cross_1,
          co_window_corner_a, co_window_paths_b, co_window_paths_a,
          co_window_broadway_b, co_window_unsneaky_path_b, co_window_cross_3,
          co_window_cross_4, co_window_paths_d, co_window_sun, serial_shops,
          nicolae_square_shop, nicolae_shop_crystal, nicolae_shop_behind_doors,
          minmay_misc_feat_square
D:4:      layout_loops_cross, hellmonk_ghost_happy_afterlife

Skill      XL: |  1  2 |
---------------+-------+-----
Spellcasting   | 3 |  3.9
Fighting       | |  0.1
Dodging        | |  2.1
Stealth        | |  1.5

Action                   |  1- 3 |  4- 6 || total
-------------------------+-------+-------++-------
Melee: Unarmed           |     2 |       ||     2
       Dagger            |       |     2 ||     2
 Cast: Sandblast         |    47 |    16 ||    63
Armor: Robe              |     2 |     3 ||     5
Dodge: Dodged            |    30 |    13 ||    43

Table legend: (Time is in decaauts)
 A = Elapsed time spent in this place.
 B = Non-inter-level travel time spent in this place.
 C = Inter-level travel time spent in this place.
 D = Time resting spent in this place.
 E = Time spent auto-exploring this place.
 F = Levels seen in this place.
 G = Mean time per level.
                   A        B        C        D        E       F      G
               +--------+--------+--------+--------+--------+-----+--------+
         Total |   4596 |   4447 |    149 |   1345 |   2684 |   4 | 1149.0 |
       Dungeon |   4596 |   4447 |    149 |   1345 |   2684 |   4 | 1149.0 |
               +--------+--------+--------+--------+--------+-----+--------+

Top non-repeatable levels by time:
     D:1: 2432 daAuts
     D:3: 1275 daAuts
     D:2: 884 daAuts
     D:4: 4 daAuts
